 Dungeon Crawl Stone Soup version 0.30-a0-263-ge22c4ad894 (webtiles) character file.

Game seed: 6800702838519516715

104 Anon1729 the Trooper (level 4, 0/35 HPs)
             Began as a Mummy Monk on Oct 13, 2022.
             Was a Priest of Lugonu.
             Slain by an orc
             ... wielding a +0 hand axe
              (6 damage)
             ... on level 4 of the Dungeon.
             The game lasted 00:02:20 (2944 turns).

Anon1729 the Trooper (Mummy Monk)                   Turns: 2944, Time: 00:02:20

Health: 0/35       AC:  2    Str: 14    XL:     4   Next: 52%
Magic:  6/6        EV: 12    Int: 11    God:    Lugonu [***...]
Gold:   242        SH:  0    Dex: 14    Spells: 6/6 levels left

rFire   x . .      SeeInvis .    a - +0 spear
rCold   + . .      Faith    +    (no shield)
rNeg    + + +      Spirit   .    b - +0 robe
rPois   ∞          Reflect  .    (no helmet)
rElec   .          Harm     .    (no cloak)
rCorr   .          Rampage  .    (no gloves)
Will    .....                    (no boots)
Stlth   ++........               (no amulet)
HPRegen 0.25/turn                (no ring)
MPRegen 0.10/turn                (no ring)

@: no status effects
A: cold resistance 1, negative energy resistance 3, torment resistance 2, heat
vulnerability 1, in touch with death 1, no potions, faith
a: Renounce Religion, Depart the Abyss, Bend Space, Banish


You were on level 4 of the Dungeon.
You worshipped Lugonu.
Lugonu was most pleased with you.
You visited 1 branch of the dungeon, and saw 4 of its levels.

You collected 242 gold pieces.

Inventory:

Hand Weapons
 a - a +0 spear (weapon)
Armour
 b - a +0 robe (worn)
 o - an orb of mayhem
Scrolls
 c - 3 scrolls of silence {unknown}
 d - a scroll of blinking {unknown}
 e - 5 scrolls of teleportation {unknown}
 f - 2 scrolls of poison {unknown}
 g - 2 scrolls of magic mapping {unknown}
 h - a scroll of noise {unknown}
 i - 3 scrolls of enchant armour {unknown}
 j - a scroll of acquirement {unknown}
 k - a scroll of butterflies {unknown}
 l - a scroll of identify {unknown}
 m - a scroll of amnesia {unknown}
 n - a scroll of immolation {unknown}


   Skills:
 + Level 3.3 Fighting
 - Level 2.4(2.5) Polearms
 + Level 1.0(1.9) Staves
 + Level 2.8 Dodging
 + Level 2.1 Stealth
 + Level 1.8 Spellcasting
 + Level 1.2 Necromancy
 + Level 1.0 Evocations


You had 6 spell levels left.
You didn't know any spells.
Your spell library contained the following spells:

 Spells                   Type           Power      Damage    Failure   Level
 Ensorcelled Hibernation  Hex/Ice        0%         N/A       41%         2
 Anguish                  Hex/Necr       1%         N/A       92%         4
 Spider Form              Tmut/Pois      Unusable   N/A       N/A         3

Dungeon Overview and Level Annotations

Branches:
Dungeon (4/15)
 Temple: D:4-7

Altars:
Lugonu


Innate Abilities, Weirdness & Mutations

You are immune to poison.
Your flesh is cold resistant. (rC+)
You are immune to negative energy. (rN+++)
You are immune to unholy pain and torment.
You are vulnerable to heat. (rF-)
You are in touch with the powers of death.
You do not drink.
You have a special connection with the divine. (Faith)


Message History

You hit the orc.
You kill the orc!
Lugonu accepts your kill.
An orc comes into view. It is wielding a +0 dagger.
Found 15 gold pieces and a shiny orb.
The orc shouts!
You closely miss the orc. The orc hits you with a +0 hand axe.
The orc hits you with a +0 club.
You closely miss the orc wizard. The orc closely misses you.
The orc hits you with a +0 club.
The orc wizard hits you with a +0 dagger.
You are too injured to fight recklessly!
You are too injured to fight recklessly!
You are too injured to fight recklessly!
There are monsters nearby!
There are monsters nearby!
The orc wizard attacks as you move away!
The orc wizard hits you with a +0 dagger.
The orc attacks as you move away! The orc hits you with a +0 hand axe.
The orc attacks as you move away! The orc closely misses you.
The orc wizard casts a spell.
The orc wizard flickers and vanishes!
Deactivating autopickup; reactivate with Ctrl-A.
There is a stone staircase leading down here.
The orc hits you with a +0 club. The orc attacks as you move away!
The orc hits you with a +0 club. The orc attacks as you move away!
The orc closely misses you. The orc attacks as you move away!
The orc hits you with a +0 club.
* * * LOW HITPOINT WARNING * * *
The orc attacks as you move away! The orc closely misses you.
The orc attacks as you move away! The orc closely misses you.
The orc attacks as you move away! The orc hits you with a +0 hand axe.
* * * LOW HITPOINT WARNING * * *
Something hits you.
* * * LOW HITPOINT WARNING * * *
Things that are here:
an orb of mayhem; a +0 pair of gloves
o - an orb of mayhem The orc hits you with a +0 hand axe.
You die...

. ... #.!#..
...#.##..#.#
.........#.##
#..........<##
#.##...#.....# ##
#....)o...#####.. #
##..#.>..........
#.###$.#.....###....
#..@oo.#............
#####..o....#.......
######....#.<...
##..####....
.............
#.##.......### #
#.####### #.


You could see 3 orcs.

Vanquished Creatures
  5 adders
  2 worms
  A dart slug (D:2)
  2 orcs
  3 bats
  3 endoplasms
  2 giant cockroaches
  9 goblins
  6 hobgoblins
  A quokka (D:2)
  2 ball pythons
  3 frilled lizards
  6 kobolds
  3 rats
48 creatures vanquished.

Notes
Turn   | Place    | Note
-------+----------+-------------------------------------------
     0 | D:1      | Anon1729 the Mummy Monk began the quest for the Orb.
     0 | D:1      | Reached XP level 1. HP: 18/18 MP: 1/1
   343 | D:1      | Reached XP level 2. HP: 24/24 MP: 2/2
  1051 | D:2      | Reached skill level 1 in Spellcasting
  1051 | D:2      | Gained mutation: You are in touch with the powers of death.
                  | [Mummy growth]
  1051 | D:2      | Reached XP level 3. HP: 15/29 MP: 4/4
  1195 | D:2      | Reached skill level 1 in Necromancy
  2340 | D:3      | Reached XP level 4. HP: 23/35 MP: 6/6
  2362 | D:3      | Found a faded altar of an unknown god.
  2371 | D:3      | Prayed at the altar of an unknown god.
  2371 | D:3      | Became a worshipper of Lugonu the Unformed
  2371 | D:3      | Reached * piety under Lugonu
  2371 | D:3      | Reached ** piety under Lugonu
  2371 | D:3      | Reached *** piety under Lugonu
  2512 | D:3      | Reached skill level 1 in Staves
  2652 | D:3      | Reached skill level 1 in Evocations
  2944 | D:4      | Slain by an orc

Illustrated notes

Levels and vault maps discovered:
D:1:      amcnicky_arrival_underground_garden, layout_loops_ring
D:2:      layout_loops_ring, minmay_split_cup_small
D:3:      layout_loops_corners, dreamdust_ecumenical_altar_sealed_demon
D:4:      layout_loops_cross, mainiacjoe_overflow_boulevard, minmay_bisected

Skill      XL: |  1  2  3  4 |
---------------+-------------+-----
Spellcasting   | 1 |  1.8
Necromancy     | 1 |  1.2
Stealth        | 2 |  2.1
Staves         | 1 |  1.0
Evocations     | 1 |  1.0
Fighting       | |  3.3
Polearms       | |  2.4
Dodging        | |  2.8

Action                   |  1- 3 |  4- 6 || total
-------------------------+-------+-------++-------
Melee: Spear             |   184 |    49 ||   233
       Punch             |     2 |       ||     2
 Stab: Sleeping          |    11 |     3 ||    14
Armor: Robe              |    12 |     8 ||    20
Dodge: Dodged            |    77 |    43 ||   120

Table legend: (Time is in decaauts)
 A = Elapsed time spent in this place.
 B = Non-inter-level travel time spent in this place.
 C = Inter-level travel time spent in this place.
 D = Time resting spent in this place.
 E = Time spent auto-exploring this place.
 F = Levels seen in this place.
 G = Mean time per level.
                   A        B        C        D        E       F      G
               +--------+--------+--------+--------+--------+-----+--------+
         Total |   2939 |   2890 |     49 |    113 |   2281 |   4 |  734.8 |
       Dungeon |   2939 |   2890 |     49 |    113 |   2281 |   4 |  734.8 |
               +--------+--------+--------+--------+--------+-----+--------+

Top non-repeatable levels by time:
     D:3: 1197 daAuts
     D:2: 858 daAuts
     D:1: 852 daAuts
     D:4: 31 daAuts
